 Dungeon Crawl Stone Soup version 0.20-a0-59-g66a9409 (webtiles) character file.

1246 Faca the Shield-Bearer (level 8, -1/72 HPs)
             Began as a Gargoyle Fighter on Nov 16, 2016.
             Was a Believer of Trog.
             Slain by an orc warrior
             ... wielding a +0 battleaxe
              (5 damage)
             ... on level 6 of the Dungeon.
             The game lasted 00:27:23 (4011 turns).

Faca the Shield-Bearer (Gargoyle Fighter)           Turns: 4011, Time: 00:27:24

Health: -1/72      AC: 24    Str: 20    XL:     8   Next: 50%
Magic:  8/8        EV:  2    Int:  9    God:    Trog [**....]
Gold:   265        SH: 14    Dex: 11    Spells: 0 memorised, 7 levels left

rFire  . . .     SeeInvis .     m - +1 flail
rCold  . . .     Gourm    .     (armour currently unavailable)
rNeg   + + +     Faith    .     c - +0 shield
rPois  ∞         Spirit   .     (helmet currently unavailable)
rElec  .         Reflect  +     (cloak currently unavailable)
rCorr  .         Harm     .     (gloves currently unavailable)
MR     .....     NoTele   +     (boots currently unavailable)
Stlth  +.........               n - +4 amulet of reflection
                                (no ring)
                                (no ring)

@: tree-form
A: negative energy resistance 1, (electricity resistance), (unbreathing),
petrification resistance, rot immunity, AC +5
a: Berserk, Trog's Hand, Burn Spellbooks, Renounce Religion


You were on level 6 of the Dungeon.
You worshipped Trog.
Trog was pleased with you.
You were not hungry.
You were a tree.
You visited 1 branch of the dungeon, and saw 6 of its levels.

You collected 265 gold pieces.

Inventory:

Hand Weapons
 m - a +1 flail (weapon)
 o - a +0 mace of protection
Armour
 c - a +0 shield (worn)
 j - a +2 scale mail of fire resistance (melded)
 l - a +0 pair of gloves (melded)
 p - a +0 helmet (melded)
Jewellery
 n - a +4 amulet of reflection (around neck)
Scrolls
 b - a scroll of remove curse
 e - 5 scrolls of identify
 k - 2 scrolls of teleportation
Potions
 a - a potion of mutation {unknown}
 d - 2 potions of might
 g - 2 potions of lignification
 i - a potion of degeneration {unknown}
Comestibles
 f - 4 bread rations
 h - a royal jelly


   Skills:
 + Level 4.6 Fighting
 + Level 6.0 Maces & Flails
 + Level 5.0 Armour
 + Level 2.5 Dodging
 + Level 0.2 Stealth
 + Level 7.1 Shields


You had 7 spell levels left.
You didn't know any spells.

Dungeon Overview and Level Annotations

Branches:
Dungeon (6/15)
 Temple: D:4-7

Altars:
Kikubaaqudgha
Makhleb
Okawaru
Sif Muna
Trog
Uskayaw


Innate Abilities, Weirdness & Mutations

You are resistant to torment.
((Your stone body is resilient. (AC +5)))
You are immune to poison.
You resist negative energy. (rN+)
((You are resistant to electric shocks. (rElec)))
((You can survive without breathing.))
You are immune to petrification.
You are immune to rotting.


Message History

The orc warrior hits you with a battleaxe!
* * * LOW HITPOINT WARNING * * *
You cannot move. (Use ctrl+direction to attack without moving.)
You swing at nothing.
You feel less confused. You block the hound's attack.
Something hits you but does no damage. The hound bites you but does no damage.
The orc warrior hits you but does no damage.
You hit the hound.
The hound is moderately wounded.
The hound stops to sniff the ground.
You block the hound's attack. Something hits you but does no damage.
You block the hound's attack.
You hear some strange, mumbled words.
A puff of frost appears from out of thin air!
Helpless, you fail to dodge the puff of frost.
You hit the orc warrior.
The orc warrior is lightly wounded.
The orc warrior hits you with a battleaxe.
You die...

.###.#######..######...#..#
...........#...#..........#
.o?........#...#..........#
..../...o..#..('..........#
.......oo..#...#....†.....#
.......oo..#...#..........#
+##..###)###.###<.######..# #
#oh###.###..#########
#o..h♣.#............##
+.oo{o.+.............. #+
#..##..##.....#####...
#.####+#####..###'##.....# #§§§
............(.#..>.#.....# #§§§
..............#....#((...# #§§§
.###...###.##.##..##..##.#####...
.###...######.##..##..##..§§†..$.
........#..........+...#...§§..$$


You could see an orc warrior, 2 hounds, an orc wizard and 3 orcs.

Vanquished Creatures
  A phantom (D:5)
  2 ogres
  2 centaurs
  3 bullfrogs (D:6)
  A scorpion (D:4)
  A howler monkey (D:4)
  A crimson imp (D:5)
  2 hounds
  2 orc priests
  Jessica (D:2)
  3 worker ants (D:5)
  A killer bee zombie (D:5)
  A hound zombie (D:5)
  A hound skeleton (D:5)
  6 adders
  An ooze (D:1)
  An adder zombie (D:6)
  3 worms
  2 dart slugs
  5 leopard geckos
  10 orcs
  3 ball pythons
  8 bats
  3 giant cockroaches
  6 hobgoblins
  4 jackals (D:4)
  4 kobolds
  A quokka (D:2)
  3 frilled lizards
  16 goblins
  A leopard gecko zombie (D:6)
  10 rats
109 creatures vanquished.

Vanquished Creatures (others)
  A sky beast (D:6)
  A centaur (D:5)
  A shadow imp (D:6)
3 creatures vanquished.

Grand Total: 112 creatures vanquished

Notes
Turn   | Place    | Note
-------+----------+-------------------------------------------
     0 | D:1      | Faca the Gargoyle Fighter began the quest for the Orb.
     0 | D:1      | Reached XP level 1. HP: 14/14 MP: 1/1
   188 | D:1      | Reached XP level 2. HP: 19/19 MP: 2/2
   699 | D:1      | Reached XP level 3. HP: 20/23 MP: 3/3
   914 | D:2      | Noticed Jessica
   931 | D:2      | Killed Jessica
   935 | D:2      | Reached XP level 4. HP: 13/29 MP: 4/4
   944 | D:2      | Reached skill level 4 in Shields
  1346 | D:2      | Reached skill level 1 in Dodging
  1531 | D:3      | Found a hide-covered altar of Uskayaw.
  1532 | D:3      | Found a bloodstained altar of Trog.
  1532 | D:3      | Found an ancient bone altar of Kikubaaqudgha.
  1537 | D:3      | Became a worshipper of Trog the Wrathful
  1554 | D:3      | Noticed an ogre
  1564 | D:3      | Killed an ogre
  1564 | D:3      | Reached XP level 5. HP: 11/33 MP: 5/5
  1966 | D:3      | Reached XP level 6. HP: 17/38 MP: 6/6
  2412 | D:3      | Reached skill level 5 in Shields
  2588 | D:4      | Reached * piety under Trog
  2636 | D:4      | Found a deep blue altar of Sif Muna.
  2763 | D:4      | Found an iron altar of Okawaru.
  3010 | D:5      | Entered Level 5 of the Dungeon
  3022 | D:5      | Noticed a phantom
  3062 | D:5      | Killed a phantom
  3062 | D:5      | Reached XP level 7. HP: 32/43 MP: 7/7
  3143 | D:5      | Found a burning altar of Makhleb.
  3182 | D:5      | Reached skill level 6 in Shields
  3256 | D:5      | Reached skill level 5 in Maces & Flails
  3356 | D:5      | Reached XP level 8. HP: 34/48 MP: 8/8
  3792 | D:6      | Reached ** piety under Trog
  3792 | D:6      | Reached skill level 7 in Shields
  3858 | D:6      | Reached skill level 5 in Armour
  4011 | D:6      | Slain by an orc warrior

Vault maps used:
D:1:      dpeg_arrival_boxorama
D:2:      uniq_robin, uniq_jessica
D:3:      gammafunk_temple_overflow_claw, kennysheep_decorative_pillar
D:4:      lemuel_round_altar, kennysheep_mini_moat, minmay_liquid_box,
          nrook_loot_triangle, kennysheep_generic_room_4
D:5:      lemuel_upstairs_altar, basic_altar, first_bread
D:6:      lemuel_flame_loot_1

Skill      XL: |  1  2  3  4  5  6  7  8 |
---------------+-------------------------+-----
Shields        | 4 5 6 7 |  7.1
Dodging        | 1 2 |  2.5
Maces & Flails | 3 4 5 6 |  6.0
Armour         | 4 5 |  5.0
Fighting       | 4 |  4.6
Stealth        | |  0.2

Action                   |  1- 3 |  4- 6 |  7- 9 || total
-------------------------+-------+-------+-------++-------
Melee: Flail             |    98 |   255 |   193 ||   546
Invok: Burn Spellbooks   |       |     1 |       ||     1
  Use: Scroll            |     2 |     5 |       ||     7
       Potion            |       |       |     1 ||     1
  Eat: Meat ration       |       |     2 |       ||     2
       Royal jelly       |       |       |     1 ||     1
Armor: Scale mail        |    72 |   148 |   159 ||   379
       Skin              |       |       |     4 ||     4
Dodge: Dodged            |    43 |    99 |    89 ||   231
Block: Shield            |    73 |   146 |   192 ||   411
       Reflection        |       |       |     7 ||     7
